 Dungeon Crawl Stone Soup version 0.31.0-32-g396128a36d (webtiles) character file.

Game seed: 6661289174791351205

68 Peloso the Covered (level 4, -2/41 HPs)
             Began as a Minotaur Fighter on Mar 26, 2024.
             Killed from afar by Ijyb (5 damage)
             ... with a puff of flame
             ... on level 3 of the Dungeon.
             The game lasted 00:03:06 (1826 turns).

Peloso the Covered (Minotaur Fighter)               Turns: 1826, Time: 00:03:06

Health: -2/41      AC:  7    Str: 20    XL:     4   Next: 1%
Magic:  3/3        EV:  9    Int:  5    God:
Gold:   92         SH:  5    Dex: 12    Spells: 3/3 levels left

rFire   . . .        a - +0 long sword
rCold   . . .        c - +0 buckler
rNeg    . . .        b - +0 scale mail
rPois   .            (helmet restricted)
rElec   .            (no cloak)
rCorr   .            (no gloves)
SInv    .            (no boots)
Will    .....        (no amulet) Stlth
                     (no ring)
HPRegen 0.26/turn    (no ring)
MPRegen 0.08/turn

%: no passive effects
@: no status effects
A: horns 2, retaliatory headbutt
a: no special abilities


You were on level 3 of the Dungeon.
You visited 1 branch of the dungeon, and saw 3 of its levels.

You collected 92 gold pieces.

Inventory:

Hand Weapons
 a - a +0 long sword (weapon)
Armour
 b - a +0 scale mail (worn)
 c - a +0 buckler (worn)
Jewellery
 f - a ring of protection from cold
Scrolls
 g - a scroll of poison
 h - a scroll of blinking
Potions
 d - a potion of might
 i - 3 potions of heal wounds


   Skills:
 + Level 4.3 Fighting
 + Level 3.3 Long Blades
 + Level 4.5 Armour
 + Level 0.3 Dodging
 + Level 4.0 Shields


You had 3 spell levels left.
You didn't know any spells.
Your spell library contained the following spells:

 Spells                   Type           Power      Damage    Failure   Level
 Ozocubu's Armour         Ice            0%         N/A       99%         3
 Metabolic Englaciation   Hex/Ice        0%         N/A       100%        5
 Sculpt Simulacrum        Ice/Alch       0%         N/A       100%        6


Dungeon Overview and Level Annotations

Branches:
Dungeon (3/15)

Altars:

Annotations:
D:3 Ijyb


Innate Abilities, Weirdness & Mutations

You have a pair of horns on your head.
You reflexively headbutt those who attack you in melee.


Message History

You are frozen.
You hit the endoplasm.
The endoplasm is almost dead.
The endoplasm freezes you.
You are frozen.
You completely miss the endoplasm. You headbutt the endoplasm.
You kill the endoplasm!
You have reached level 4!
You feel agile.
HP restored.
You open the door.
Found a stone staircase leading up.
There is an open door here.
Ijyb is nearby!
Ijyb shouts!
Ijyb zaps a wand.
The puff of flame hits you!
Ijyb zaps a wand.
The puff of flame hits you.
Ijyb zaps a wand.
The puff of flame hits you!
You hit Ijyb but do no damage. Ijyb hits you but does no damage.
Ijyb zaps a wand.
The puff of flame hits you!
You closely miss Ijyb. Your headbutt misses Ijyb.
Ijyb hits you but does no damage.
You hit Ijyb. You headbutt Ijyb, but do no damage.
Ijyb is lightly wounded.
Ijyb hits you but does no damage.
You hit Ijyb.
Ijyb is moderately wounded.
Ijyb hits you but does no damage.
You closely miss Ijyb. Your headbutt misses Ijyb.
Ijyb is moderately wounded.
Ijyb zaps a wand.
The puff of flame hits you!
* * * LOW HITPOINT WARNING * * *
You block Ijyb's attack.
You hit Ijyb but do no damage. Your headbutt misses Ijyb.
Ijyb is moderately wounded.
Ijyb hits you but does no damage.
You closely miss Ijyb. Your headbutt misses Ijyb.
Ijyb is moderately wounded.
Ijyb zaps a wand.
The puff of flame hits you.
You die...

8...g.8###.
...g...# ..
8.....8# ..
.......# ...
8.....8#
#.########
#.....g@.#
.......###.#
###.##. #.#
#..#.###.#
#..#.#...#
....#.###
#####.#.#.#
#.....#.#.######
...............#


You could see Ijyb.

Vanquished Creatures
  2 adders (D:3)
  2 dart slugs
  An orc (D:2)
  2 ball pythons (D:1)
  3 bats
  6 endoplasms
  2 giant cockroaches
  10 goblins
  A hobgoblin (D:2)
  5 kobolds
  A quokka (D:1)
  A frilled lizard (D:1)
  3 rats
  A spectral goblin (D:2)
40 creatures vanquished.

Notes
Turn   | Place    | Note
-------+----------+-------------------------------------------
     0 | D:1      | Peloso the Minotaur Fighter began the quest for the Orb.
     0 | D:1      | Reached XP level 1. HP: 19/19 MP: 0/0
   367 | D:1      | Reached XP level 2. HP: 23/27 MP: 1/1
  1271 | D:2      | Found a faded altar of an unknown god.
  1282 | D:2      | Reached XP level 3. HP: 33/33 MP: 2/2
  1662 | D:3      | Noticed Ijyb
  1758 | D:3      | Reached XP level 4. HP: 35/41 MP: 3/3
  1824 | D:3      | HP: 2/41 [Ijyb/puff of flame (13)]
  1826 | D:3      | Killed from afar by Ijyb

Illustrated notes

Levels and vault maps discovered:
D:1:      psy_arrival_heroes, layout_basic, roderic_serpentine_path,
          nicolae_concentric_dashed_squares_wild
D:2:      layout_loops_ring, dreamdust_ecumenical_altar_drowned_temple
D:3:      kennysheep_the_goblin_king, layout_basic,
          dreamdust_divine_triumvirate, nicolae_ru_path_of_blood,
          lemuel_tele_altar, mainiacjoe_overflow_divided_tiny

Skill      XL: |  1  2  3 |
---------------+----------+-----
Armour         | 4 |  4.5
Fighting       | 4 |  4.3
Long Blades    | 3 |  3.3
Shields        | 4 |  4.0
Dodging        | |  0.3

Action                     |  1- 3 |  4- 6 || total
---------------------------+-------+-------++-------
  Melee: Long sword        |    97 |     7 ||   104
         Headbutt          |    15 |     1 ||    16
    Use: Potion            |     4 |       ||     4
         Scroll            |     4 |       ||     4
 Armour: Scale mail        |    81 |    11 ||    92
  Dodge: Dodged            |    42 |       ||    42
  Block: Buckler           |    29 |     1 ||    30
